 Dungeon Crawl Stone Soup version 0.21-a0-401-g0b6bec4 (webtiles) character file.

29477 zero the Cleaver (level 13, -1/122 HPs)
             Began as a Deep Dwarf Fighter on Oct 25, 2017.
             Was a High Priest of Makhleb.
             Slain by a 13-headed hydra (7 damage)
             ... on level 5 of the Lair of Beasts.
             The game lasted 00:23:16 (12525 turns).

zero the Cleaver (Deep Dwarf Fighter)              Turns: 12525, Time: 00:23:17

Health: -1/122     AC: 23    Str: 26    XL:     13   Next: 15%
Magic:  3/3        EV:  6    Int:  8    God:    Makhleb [*****.]
Gold:   997        SH: 11    Dex: 12    Spells: 12/12 levels left

rFire    + . .     SeeInvis .   a - +0 war axe
rCold    + . .     Gourm    .   c - +0 shield
rNeg     . . .     Faith    .   q - +0 plate armour
rPois    .         Spirit   .   (helmet restricted)
rElec    .         Reflect  .   s - +1 cloak
rCorr    .         Harm     .   p - +2 pair of gloves
MR       +++..                  (no boots)
Stlth    ..........             (no amulet)
HPRegen  0.00/turn              x - ring of protection from magic
MPRegen  0.08/turn              b - ring of protection from cold

@: non-regenerating
A: damage resistance, heal wounds, antennae 1, talons 1, molten scales 1, fire
resistance 1, magic resistance 1, sense surroundings 2, no regeneration
a: Heal Wounds, Minor Destruction, Lesser Servant of Makhleb, Major Destruction,
Greater Servant of Makhleb, Renounce Religion


You were on level 5 of the Lair of Beasts.
You worshipped Makhleb.
Makhleb was extremely pleased with you.
You were not hungry.

You visited 3 branches of the dungeon, and saw 17 of its levels.
You also visited: Ossuary.

You collected 1024 gold pieces.
You spent 27 gold pieces at shops.

Inventory:

Hand Weapons
 a - a +0 war axe (weapon)
Armour
 c - a +0 shield (worn)
 p - a +2 pair of gloves (worn)
 q - a +0 plate armour (worn)
 s - a +1 cloak (worn)
Jewellery
 b - a ring of protection from cold (right hand)
 j - an uncursed ring of protection from fire
 x - a ring of protection from magic (left hand)
 A - a +2 ring of intelligence
 H - an uncursed amulet of harm {unknown}
 I - an uncursed ring of ice
Wands
 l - a wand of polymorph (7/24)
 t - a wand of paralysis (24/24)
 G - a wand of flame (20/48)
 L - a wand of confusion (10/48)
 M - a wand of acid (8/15)
 P - a wand of lightning (7/15)
 Q - a wand of random effects (29/48)
 U - a wand of polymorph (3/24)
Scrolls
 e - a scroll of teleportation
 y - 7 scrolls of remove curse
 z - 3 scrolls of recharging
 D - a scroll of enchant armour
 E - 2 scrolls of magic mapping
 J - 3 scrolls of identify
 K - 2 scrolls of enchant weapon {unknown}
 N - a scroll of fear
 O - a scroll of holy word {unknown}
 R - a scroll of vulnerability {unknown}
 T - a scroll of amnesia
Potions
 d - 2 potions of might
 g - 6 potions of curing
 i - 3 potions of resistance
 k - 7 potions of heal wounds
 n - 2 potions of ambrosia
 o - 2 potions of magic
 r - a potion of berserk rage
 u - a potion of haste {unknown}
 v - 2 potions of cancellation
 B - 3 potions of agility
 C - a potion of brilliance {unknown}
 F - 4 potions of lignification {unknown}
 S - a potion of invisibility {unknown}
Comestibles
 f - 5 bread rations
 h - 9 meat rations
 m - 8 royal jellies
 w - 12 fruits


   Skills:
 + Level 9.6 Fighting
 * Level 14.8 Axes
 + Level 11.3 Armour
 + Level 7.7 Shields
 * Level 11.5 Invocations


You had 12 spell levels left.
You didn't know any spells.

Dungeon Overview and Level Annotations

Branches:
Dungeon (11/15)            Temple (1/1) D:4            Lair (5/6) D:8
 Shoals (0/4) Lair:3       Spider (0/4) Lair:2          Orc (0/2) D:11
  Slime: Lair:5-6

Altars:
Ashenzari
Cheibriados
Dithmenos
Elyvilon
Fedhas
Gozag
Hepliaklqana
Kikubaaqudgha
Makhleb
Okawaru
Qazlal
Ru
Sif Muna
Trog
Uskayaw
Vehumet
Wu Jian
Xom
Yredelemnul
Zin
The Shining One

Shops:
D:4 ?   D:5 :%!   D:7 ?   D:9 *   D:10 *


Innate Abilities, Weirdness & Mutations

You are resistant to damage.
You can heal yourself by infusing magical energy.
You passively map the area around you.
You do not regenerate.
You have a pair of small antennae on your head.
You have sharp toenails.
You are partially covered in molten scales. (AC +2)
Your flesh is heat resistant. (rF+)
You are resistant to hostile enchantments. (MR+)


Message History

The 13-headed hydra bites you but does no damage. x2
You block the 13-headed hydra's attack. The 13-headed hydra bites you!
* * * LOW HITPOINT WARNING * * *
The 13-headed hydra bites you.
The 13-headed hydra bites you but does no damage. x2
You block the six-headed hydra's attack.
The six-headed hydra bites you but does no damage. x2
The six-headed hydra barely misses you.
The six-headed hydra bites you but does no damage.
You block the six-headed hydra's attack.
A demon appears!
The 13-headed hydra bites you but does no damage.
You block the 13-headed hydra's attack. The 13-headed hydra bites you.
* * * LOW HITPOINT WARNING * * *
You block the 13-headed hydra's attack. x2
The 13-headed hydra barely misses you. The 13-headed hydra bites you!
* * * LOW HITPOINT WARNING * * *
The 13-headed hydra bites you but does no damage.
The 13-headed hydra bites you!
You die...

, ≈≈≈≈≈≈≈≈≈.≈....... , ,
..##...≈.≈≈≈≈≈≈≈.......# , ,
,....#P...P≈≈≈≈≈≈.......# ,
,,..........≈≈≈≈.......... , ,
......P....≈≈........... ,
..........P.....P....... ,
..............P......... , ,
......D.........P......# ,
.....2D@......###..P...# *
...P.................... ,
,.........2...##...#P.... , *
.............P#........# ,, ,
##....P.P....##...P#.... *
....##l...PPP............... ,
,
#......##..P.#.....#..#.....#
*
#....P####..##.....#..###...#
,#...........................#


You could see a cacodemon, a 13-headed hydra, a six-headed hydra, a komodo
dragon and a friendly green death.

Vanquished Creatures
  The ghost of IKeelU2 the Fighter, a journeyman GnWn of Ashenzari (D:10)
  A two-headed ogre (D:8)
  The ghost of Xiguana the Magician, a novice GnSk of Vehumet (D:11)
  The ghost of cilpolir the Grappler, a novice TrMo of Wu Jian (D:7)
  Pikel (D:6)
  An orb spider (Lair:2)
  3 ugly things
  An elephant (Lair:4)
  A cyclops (D:11)
  2 oklob plants (Lair:3)
  3 black mambas
  A gargoyle (D:10)
  4 spiny frogs
  4 komodo dragons
  2 rime drakes
  A troll (D:10)
  The ghost of kae the Digger, a novice GrEE (D:3)
  2 polar bears
  Grinder (D:3)
  Prince Ribbit (Lair:2)
  2 hippogriffs (Lair:4)
  21 blink frogs
  2 spriggans (Lair:2)
  Sigmund (D:6)
  12 yaks
  2 wyverns
  3 basilisks
  Eustachio (D:6)
  2 vampire mosquitoes (D:11)
  Menkaure (D:6)
  Edmund (D:6)
  10 water moccasins
  10 porcupines
  2 orc warriors (D:11)
  A black bear (Lair:2)
  4 sky beasts (D:6)
  4 slaves (D:6)
  3 ice beasts
  8 ogres
  2 necrophages
  An eye of draining (D:10)
  3 phantoms
  4 centaurs
  6 wolves
  3 crocodiles
  An elf zombie (Ossuary)
  A big kobold (D:10)
  10 bullfrogs
  A gnoll sergeant (D:8)
  A wyvern zombie (D:6)
  2 scorpions
  22 killer bees
  A howler monkey (D:4)
  4 crimson imps
  2 bullfrog zombies
  2 quasits
  2 jellies
  6 orc wizards
  3 bullfrog skeletons
  2 centaur skeletons
  2 human zombies (Ossuary)
  Crazy Yiuf (D:2)
  3 hounds
  6 orc priests
  Terence (D:3)
  13 iguanas
  Natasha (thrice) (D:2)
  4 worker ants
  2 big kobold zombies (Ossuary)
  A hound zombie (D:7)
  3 mummies
  2 howler monkey zombies (D:6)
  7 gnolls
  7 adders
  3 shadow imps
  An adder zombie (D:10)
  4 worms
  3 dart slugs
  7 leopard geckos
  35 orcs
  8 bats
  5 giant cockroaches
  6 goblins
  4 hobgoblins
  8 jackals
  5 quokkas
  A ball python (D:5)
  6 frilled lizards
  A goblin zombie (Ossuary)
  12 hobgoblin zombies
  2 jackal zombies
  9 kobolds
  5 kobold zombies (Ossuary)
  2 leopard gecko skeletons (D:4)
  11 orc zombies
  A quokka skeleton (D:8)
  A quokka zombie (D:6)
  9 rats
  4 rat zombies (Ossuary)
  2 fungi
  3 plants
415 creatures vanquished.

Vanquished Creatures (collateral kills)
  Fannar (Lair:1)
  A spiny frog (Lair:1)
  2 komodo dragons (Lair:1)
  A queen bee (D:10)
  A yak (Lair:1)
  3 wolves (Lair:1)
  A crocodile (Lair:1)
  3 killer bees (D:10)
  An iguana (Lair:1)
  An orc (D:11)
  A plant (Lair:1)
16 creatures vanquished.

Vanquished Creatures (others)
  2 fungi
  2 plants (Lair:3)
4 creatures vanquished.

Grand Total: 435 creatures vanquished

Notes
Turn   | Place    | Note
-------+----------+-------------------------------------------
     0 | D:1      | zero the Deep Dwarf Fighter began the quest for the Orb.
     0 | D:1      | Reached XP level 1. HP: 20/20 MP: 1/1
    86 | D:1      | Reached XP level 2. HP: 21/27 MP: 2/2
   163 | D:1      | Reached skill level 3 in Axes
   450 | D:1      | Reached XP level 3. HP: 11/34 MP: 3/3
  1088 | D:2      | Noticed Natasha
  1103 | D:2      | Killed Natasha
  1103 | D:2      | Reached XP level 4. HP: 7/42 MP: 4/4
  1109 | D:2      | Noticed Natasha
  1115 | D:2      | Killed Natasha
  1115 | D:2      | Reached skill level 4 in Axes
  1135 | D:2      | Found a runed door.
  1150 | D:2      | Noticed Natasha
  1159 | D:2      | Killed Natasha
  1226 | D:2      | Noticed Crazy Yiuf
  1231 | D:2      | Killed Crazy Yiuf
  1231 | D:2      | Reached XP level 5. HP: 34/49 MP: 4/4
  1357 | D:3      | Noticed an ogre
  1359 | D:3      | Noticed kae's ghost (novice GrEE)
  1373 | D:3      | Killed an ogre
  1373 | D:3      | Reached skill level 5 in Axes
  1387 | D:3      | Killed kae's ghost
  1387 | D:3      | Reached skill level 6 in Axes
  1387 | D:3      | Reached skill level 5 in Armour
  1387 | D:3      | Reached XP level 6. HP: 24/57 MP: 4/4
  1534 | D:3      | Noticed Terence
  1549 | D:3      | Killed Terence
  1550 | D:3      | Reached XP level 7. HP: 38/64 MP: 5/5
  1805 | D:3      | Noticed Grinder
  1820 | D:3      | Killed Grinder
  2234 | D:4      | Found Ryedwat's Magic Scroll Shoppe.
  2271 | D:4      | Reached skill level 7 in Axes
  2328 | D:4      | Found a staircase to the Ecumenical Temple.
  2382 | D:4      | Found a sand-covered staircase.
  2387 | Ossuary  | Entered an ossuary
  2502 | Ossuary  | Reached skill level 5 in Fighting
  2502 | Ossuary  | Reached XP level 8. HP: 67/74 MP: 6/6
  2667 | D:4      | Reached skill level 8 in Axes
  3236 | D:5      | Entered Level 5 of the Dungeon
  3255 | D:5      | Found Doushrir's Book Shoppe.
  3311 | D:5      | Found Syumeghu's Food Shop.
  3613 | D:5      | Reached skill level 9 in Axes
  3848 | D:5      | Found Citsisas's Distillery.
  3873 | D:6      | Noticed Pikel
  3941 | Temple   | Entered the Ecumenical Temple
  4044 | Temple   | Became a worshipper of Makhleb the Destroyer
  4169 | D:6      | Killed Pikel
  4169 | D:6      | Gained mutation: You passively map the area around you. [Deep Dwarf growth]
  4169 | D:6      | Reached XP level 9. HP: 76/82 MP: 4/4
  4179 | D:6      | Reached skill level 10 in Axes
  4396 | D:6      | Reached * piety under Makhleb
  4417 | D:6      | Gained mutation: Your mind is acute. (Int +2) [mutagenic meat]
  4418 | D:6      | Gained mutation: Your flesh is heat resistant. (rF+) [mutagenic meat]
  4419 | D:6      | Gained mutation: You possess an exceptional clarity of mind. [mutagenic meat]
  4420 | D:6      | Gained mutation: Armour fits poorly on your strangely shaped body. [mutagenic meat]
  4488 | D:6      | Noticed Edmund
  4495 | D:6      | Killed Edmund
  4599 | D:6      | Noticed Eustachio
  4631 | D:6      | Killed Eustachio
  4679 | D:6      | Gained mutation: You are partially covered in slimy green scales. (AC +2) [mutagenic meat]
  4680 | D:6      | Gained mutation: Scrolls take you a little longer to read. [mutagenic meat]
  4681 | D:6      | Lost mutation: Your mind is acute. (Int +2) [mutagenic meat]
  4682 | D:6      | Lost mutation: You are partially covered in slimy green scales. (AC +2) [mutagenic meat]
  4683 | D:6      | Gained mutation: You are covered in fur. (AC +1) [mutagenic meat]
  4710 | D:6      | Reached skill level 11 in Axes
  4772 | D:6      | Noticed Sigmund
  4777 | D:6      | Noticed Menkaure
  4798 | D:6      | Killed Menkaure
  4807 | D:6      | Killed Sigmund
  5042 | D:7      | Noticed cilpolir's ghost (novice TrMo)
  5077 | D:7      | Killed cilpolir's ghost
  5077 | D:7      | Reached XP level 10. HP: 71/94 MP: 2/2
  5216 | D:7      | Found Naofaus's Magic Scroll Shop.
  5239 | D:7      | Reached ** piety under Makhleb
  6260 | D:8      | Reached skill level 12 in Axes
  6340 | D:8      | Found a staircase to the Lair.
  6402 | D:8      | Noticed a two-headed ogre
  6408 | D:8      | Noticed a red ugly thing
  6413 | D:8      | Killed a two-headed ogre
  6438 | D:8      | Killed a red ugly thing
  6483 | D:8      | Lost mutation: Scrolls take you a little longer to read. [potion of mutation]
  6483 | D:8      | Lost mutation: You possess an exceptional clarity of mind. [potion of mutation]
  6483 | D:8      | Lost mutation: Armour fits poorly on your strangely shaped body. [potion of mutation]
  6483 | D:8      | Gained mutation: You are resistant to hostile enchantments. (MR+) [potion of mutation]
  6484 | D:8      | Lost mutation: You are covered in fur. (AC +1) [potion of mutation]
  6484 | D:8      | Lost mutation: You are resistant to hostile enchantments. (MR+) [potion of mutation]
  6484 | D:8      | Gained mutation: You have sharp toenails. [potion of mutation]
  6484 | D:8      | Gained mutation: You are partially covered in molten scales. (AC +2) [potion of mutation]
  6484 | D:8      | Gained mutation: You are resistant to hostile enchantments. (MR+) [potion of mutation]
  6484 | D:8      | Gained mutation: You have a pair of small antennae on your head. [potion of mutation]
  7130 | D:9      | Found Xoppajyr's Assorted Antiques.
  7145 | D:9      | Bought a scroll labeled KALECKULINN for 27 gold pieces
  7435 | D:10     | Entered Level 10 of the Dungeon
  7435 | D:10     | Noticed a gargoyle
  7445 | D:10     | Killed a gargoyle
  7491 | D:10     | Noticed IKeelU2's ghost (journeyman GnWn)
  7518 | D:10     | Killed IKeelU2's ghost
  7518 | D:10     | Reached skill level 5 in Invocations
  7518 | D:10     | Reached XP level 11. HP: 88/103 MP: 3/6
  7648 | D:10     | Reached *** piety under Makhleb
  7700 | D:10     | Found Suer's General Store.
  7748 | D:10     | HP: 5/103 [poisoned by a killer bee]
  8394 | D:11     | Noticed a red ugly thing
  8395 | D:11     | Noticed a purple ugly thing
  8397 | D:11     | Found a staircase to the Orcish Mines.
  8398 | D:11     | Noticed Xiguana's ghost (novice GnSk)
  8420 | D:11     | Killed a green ugly thing
  8420 | D:11     | Reached skill level 13 in Axes
  8420 | D:11     | Reached skill level 5 in Shields
  8420 | D:11     | Killed a cyan ugly thing
  8420 | D:11     | Reached **** piety under Makhleb
  8420 | D:11     | Reached skill level 10 in Armour
  8466 | D:11     | Killed Xiguana's ghost
  8825 | Lair:1   | Entered Level 1 of the Lair of Beasts
  8908 | Lair:1   | Noticed Fannar
  8921 | Lair:1   | Killed Fannar
  8921 | Lair:1   | Reached XP level 12. HP: 85/112 MP: 6/6
  9277 | Lair:1   | Noticed a seven-headed hydra
  9299 | Lair:1   | HP: 3/114 [11-headed hydra (5)]
  9395 | Lair:2   | Found a hole to the Spider Nest.
  9616 | Lair:2   | Reached skill level 14 in Axes
  9702 | Lair:2   | Noticed Prince Ribbit
  9728 | Lair:2   | Killed Prince Ribbit
  9884 | Lair:2   | Reached skill level 10 in Invocations
  9987 | Lair:2   | Reached ***** piety under Makhleb
 10678 | Lair:3   | Found a staircase to the Shoals.
 11785 | Lair:4   | Reached XP level 13. HP: 107/121 MP: 3/3
 12524 | Lair:5   | Noticed a cacodemon
 12525 | Lair:5   | HP: 6/122 [13-headed hydra (5)]
 12525 | Lair:5   | Slain by a 13-headed hydra

Vault maps used:
D:1:      lightli_arrival_isolated_outpost
D:2:      uniq_natasha, uniq_crazy_yiuf_cottage
D:3:      first_bread, uniq_terence, uniq_grinder
D:4:      minmay_temple_entry_hall, serial_shops, nicolae_shop_stone,
          nicolae_ossuary_entry_giza, minmay_misc_feat_tower,
          kennysheep_generic_room_11
D:5:      serial_shops, shop_coins, nicolae_shop_competitors_out_of_business,
          kennysheep_mini_moat, kennysheep_boxes
D:6:      minivault_1, st_stairs_11, grunt_ministairs_10, kennysheep_crisscross,
          uniq_edmund, uniq_menkaure, uniq_pikel, uniq_sigmund, uniq_eustachio
D:7:      serial_shops, shop
D:8:      lair_entry_dummy
D:9:      nicolae_overflow_hidden_temple, serial_shops, shop
D:10:     serial_shops, shop_fountains, david_nohive_1, minmay_misc_feat_plants
D:11:     orc_0_dummy
Temple:   kilobyte_greek_temple
Lair:1:   beast_lair_carwin_large_4, uniq_fannar
Lair:2:   nicolae_spider_entry_orb_guardian, serial_forest,
          infiniplex_forest_pool, infiniplex_forest_diagonal,
          infiniplex_forest_corner_1, infiniplex_forest_end_1,
          infiniplex_forest_end_double, infiniplex_forest_lined_corner,
          infiniplex_forest_clump_medium, infiniplex_forest_straight_2,
          forest_entry_grove, uniq_prince_ribbit2
Lair:3:   shoals_dummy_entry, minmay_lair_oklob_chamber
Lair:4:   st_stairs_5
Lair:5:   minmay_slime_entry_oklob_open, fungi_pond_lemuel, grunt_megastairs_4
Ossuary:  ossuary_tomb_1

Skill      XL: |  1  2  3  4  5  6  7  8  9 10 11 12 |
---------------+-------------------------------------+-----
Axes           | 3 4 6 7 9 11 12 13 14 | 14.8
Fighting       | 3 4 5 6 7 8 9 |  9.6
Armour         | 4 5 6 7 8 9 10 11 | 11.3
Invocations    | 5 8 11 | 11.5
Shields        | 4 6 7 |  7.7

Action                   |  1- 3 |  4- 6 |  7- 9 | 10-12 | 13-15 || total
-------------------------+-------+-------+-------+-------+-------++-------
Melee: War axe           |    98 |    72 |   556 |   943 |    86 ||  1755
       Kick              |       |       |       |   260 |    32 ||   292
Invok: Lesser Servant of |       |       |       |     7 |       ||     7
       Major Destruction |       |       |       |     1 |       ||     1
       Greater Servant o |       |       |       |       |     2 ||     2
 Abil: Heal Wounds       |     1 |     4 |    21 |    36 |       ||    62
Evoke: Wand              |       |       |       |     3 |       ||     3
  Use: Scroll            |     2 |       |    12 |    10 |       ||    24
       Potion            |       |       |       |     7 |       ||     7
 Stab: Distracted        |       |       |       |     2 |       ||     2
  Eat: Chunk             |     1 |     1 |    18 |    10 |       ||    30
       Fruit             |       |       |     2 |     5 |     3 ||    10
       Royal jelly       |       |       |     1 |     2 |       ||     3
       Meat ration       |       |       |       |     1 |       ||     1
Armor: Scale mail        |    58 |    55 |     5 |       |       ||   118
       Chain mail        |       |       |   361 |    75 |       ||   436
       Plate armour      |       |       |       |   700 |    88 ||   788
Dodge: Dodged            |    38 |    30 |   137 |   247 |    37 ||   489
Block: Shield            |    69 |    57 |   256 |   583 |    75 ||  1040

Table legend:
 A = Spawn XP
 B = Non-spawn XP
 C = Spawn XP percentage of total XP
 D = Spawn monster count
 E = Non-spawn monster count
 F = Spawn count percentage of total count
 G = Total turns spent on level
                    A         B        C        D         E        F      G
               +---------+---------+-------+---------+---------+-------+---------
         Total |       0 |   42111 |   0.0 |       0 |     421 |   0.0 | 12525
               +---------+---------+-------+---------+---------+-------+---------
           D:1 |       0 |      49 |   0.0 |       0 |      23 |   0.0 |   801
           D:2 |       0 |     164 |   0.0 |       0 |      14 |   0.0 |   467
           D:3 |       0 |     843 |   0.0 |       0 |      35 |   0.0 |   838
           D:4 |       0 |     612 |   0.0 |       0 |      26 |   0.0 |   980
           D:5 |       0 |     561 |   0.0 |       0 |      14 |   0.0 |   682
           D:6 |       0 |    2817 |   0.0 |       0 |      32 |   0.0 |   856
           D:7 |       0 |    2229 |   0.0 |       0 |      31 |   0.0 |  1266
           D:8 |       0 |    2078 |   0.0 |       0 |      20 |   0.0 |   749
           D:9 |       0 |      88 |   0.0 |       0 |       3 |   0.0 |   474
          D:10 |       0 |    4268 |   0.0 |       0 |      44 |   0.0 |   667
          D:11 |       0 |    4646 |   0.0 |       0 |      31 |   0.0 |   690
        Lair:1 |       0 |    7579 |   0.0 |       0 |      38 |   0.0 |   512
        Lair:2 |       0 |    4349 |   0.0 |       0 |      21 |   0.0 |  1185
        Lair:3 |       0 |    3286 |   0.0 |       0 |      11 |   0.0 |   939
        Lair:4 |       0 |    5890 |   0.0 |       0 |      26 |   0.0 |   848
        Lair:5 |       0 |    2352 |   0.0 |       0 |      13 |   0.0 |   216
       Ossuary |       0 |     300 |   0.0 |       0 |      39 |   0.0 |   213
               +---------+---------+-------+---------+---------+-------+---------
